 Dungeon Crawl Stone Soup version 0.27.1 (webtiles) character file.

Game seed: 12221597188601552494

30 Malachi the Vexing (level 3, -5/26 HPs)
             Began as a Demonspawn Arcane Marksman on Aug 25, 2021.
             Was a Believer of Lugonu.
             Slain by Sigmund (9 damage)
             ... on level 2 of the Dungeon.
             The game lasted 00:00:50 (1143 turns).

Malachi the Vexing (Demonspawn Arcane Marksman)     Turns: 1143, Time: 00:00:51

Health: -5/26      AC:  2    Str: 10    XL:     3   Next: 3%
Magic:  4/4        EV: 12    Int: 14    God:    Lugonu [**....]
Gold:   20         SH:  0    Dex: 14    Spells: 3/4 levels left

rFire    . . .     SeeInvis .   a - +0 shortbow
rCold    . . .     Faith    .   (shield currently unavailable)
rNeg     . . .     Spirit   .   d - +0 robe
rPois    .         Reflect  .   (no helmet)
rElec    .         Harm     .   (no cloak)
rCorr    .         Rampage  .   (no gloves)
Will     .....                  (no boots)
Stlth    +.........             (no amulet)
HPRegen  0.08/turn              (no ring)
MPRegen  0.09/turn              (no ring)

@: no status effects
A: hooves 1, demonic guardian 1
a: Renounce Religion, Depart the Abyss, Bend Space


You were on level 2 of the Dungeon.
You worshipped Lugonu.
Lugonu was pleased with you.
You visited 1 branch of the dungeon, and saw 2 of its levels.

You collected 20 gold pieces.

Inventory:

Hand Weapons
 a - a +0 shortbow (weapon)
Missiles
 c - 2 arrows (quivered ammo)
Armour
 d - a +0 robe (worn)
Potions
 b - a potion of attraction {unknown}
 e - a potion of might {unknown}


   Skills:
 + Level 1.1 Fighting
 + Level 2.5 Bows
 + Level 2.0 Dodging
 + Level 0.2 Stealth
 + Level 1.1 Spellcasting
 + Level 3.2 Hexes


You had 3 spell levels left.
You knew the following spells:

 Your Spells              Type           Power      Damage    Failure   Level
a - Corona                Hex            10%        N/A       7%          1

Your spell library contained the following spells:

 Spells                   Type           Power      Damage    Failure   Level
 Slow                     Hex            9%         N/A       11%         2
 Inner Flame              Hex/Fire       5%         N/A       36%         3
 Portal Projectile        Hex/Tloc       10%        N/A       36%         3
 Cause Fear               Hex            4%         N/A       56%         4


Dungeon Overview and Level Annotations

Branches:
Dungeon (2/15)

Altars:
Lugonu

Annotations:
D:2 Sigmund


Innate Abilities, Weirdness & Mutations

You have large cloven feet.
A weak demonic guardian rushes to your aid.


Message History

You shoot an arrow. The arrow hits Sigmund.
Sigmund is heavily wounded.
Sigmund casts a spell at you. You resist with significant effort.
You shoot an arrow. The arrow hits Sigmund.
Sigmund is heavily wounded.
You shoot an arrow. The arrow hits Sigmund.
Sigmund is heavily wounded.
You shoot an arrow. The arrow completely misses Sigmund.
Sigmund barely misses you.
You shoot an arrow. The arrow closely misses Sigmund.
Sigmund closely misses you.
You shoot an arrow. The arrow hits Sigmund.
Sigmund is severely wounded.
You shoot an arrow. The arrow hits Sigmund!
Sigmund is almost dead.
Sigmund hits you from afar with a +0 scythe of flaming.
Sigmund burns you.
You shoot an arrow. The arrow barely misses Sigmund.
Sigmund points at you and mumbles some strange words.
You are confused.
You are too confused!
You are too confused!
You are too confused!
You are too confused!
You are too confused!
You bump into the rock wall.
Sigmund barely misses you. Sigmund gestures at you while chanting.
The magic dart hits you.
You closely miss Sigmund.
Sigmund is almost dead.
Sigmund closely misses you. Sigmund gestures at you while chanting.
The magic dart hits you.
* * * LOW HITPOINT WARNING * * *
A demonic guardian appears!
You bump into the rock wall.
You feel less confused.
Sigmund hits you from afar with a +0 scythe of flaming!
You die...

#.### # ((..#
#.##(#.#
.#....# ..(..
.(. #@# #.#
#@# #.# #5#
#.# #.# #.#
#####.####
#........###
#.#..........


You could see Sigmund (ally target) and a friendly shadow imp (summoned).

Vanquished Creatures
  An adder (D:2)
  3 bats (D:1)
  4 endoplasms
  A giant cockroach (D:1)
  4 goblins
  2 hobgoblins
  A quokka (D:1)
  A ball python (D:2)
  2 rats
19 creatures vanquished.

Notes
Turn   | Place    | Note
-------+----------+-------------------------------------------
     0 | D:1      | Malachi the Demonspawn Arcane Marksman began the quest for
                  | the Orb.
     0 | D:1      | Reached XP level 1. HP: 15/15 MP: 2/2
     4 | D:1      | Found a faded altar of an unknown god.
   425 | D:1      | Gained mutation: A weak demonic guardian rushes to your
                  | aid. [demonic ancestry]
   425 | D:1      | Reached XP level 2. HP: 20/21 MP: 3/3
   908 | D:1      | Became a worshipper of Lugonu the Unformed
   908 | D:1      | Reached * piety under Lugonu
   908 | D:1      | Reached ** piety under Lugonu
  1018 | D:2      | Gained mutation: You have large cloven feet. [demonic
                  | ancestry]
  1018 | D:2      | Reached XP level 3. HP: 26/26 MP: 4/4
  1127 | D:2      | Noticed Sigmund
  1143 | D:2      | Slain by Sigmund

Illustrated notes

Levels and vault maps discovered:
D:1:      dpeg_arrival_tiny_f, layout_basic,
          hellmonk_ecumenical_altar_pennies_from_heaven
D:2:      layout_loops_corners, moated_statue, uniq_sigmund

Skill      XL: |  1  2 |
---------------+-------+-----
Bows           | 2 |  2.5
Dodging        | 2 |  2.0
Fighting       | |  1.1
Stealth        | |  0.2
Spellcasting   | |  1.1
Hexes          | |  3.2

Action                   || total
-------------------------++-------
Melee: Shortbow          ||     1
 Fire: Shortbow          ||    71
Armor: Robe              ||     4
Dodge: Dodged            ||    19
